 Dungeon Crawl Stone Soup version 0.27-a0-1081-ge8a0a9c698 (webtiles) character file.

Game seed: 15451781649106136523

42497 shoop the Severer (level 14, -9/108 HPs)
             Began as a Hill Orc Fighter on Apr 25, 2021.
             Was the Champion of Fedhas.
             Mangled by a tengu warrior
             ... wielding a +3 dire flail
             ... led by a tengu conjurer
              (14 damage)
             ... on level 14 of the Dungeon.
             The game lasted 00:42:35 (19421 turns).

shoop the Severer (Hill Orc Fighter)               Turns: 19421, Time: 00:42:35

Health: -9/108     AC: 14    Str: 27    XL:     14   Next: 20%
Magic:  24/25      EV: 12    Int:  8    God:    Fedhas [******]
Gold:   941        SH:  0    Dex: 11    Spells: 13/13 levels left

rFire    x . .     SeeInvis .   a - +3 executioner's axe (flame)
rCold    . . .     Faith    +   (shield currently unavailable)
rNeg     + + .     Spirit   .   m - +3 scale mail of Cariurch {rF- rN+ Regen+}
rPois    .         Reflect  .   x - +0 helmet
rElec    .         Harm     .   (no cloak)
rCorr    +         Rampage  .   T - +1 pair of gloves of Levity {Str+4}
Will     +....                  (no boots)
Stlth    ..........             i - amulet of faith
HPRegen  1.28/turn              o - ring of resist corrosion
MPRegen  0.19/turn              u - ring of positive energy

@: studying Evocations
A: frail 1
a: Renounce Religion, Wall of Briars, Grow Ballistomycete, Overgrow, Grow Oklob


You were on level 14 of the Dungeon.
You worshipped Fedhas.
Fedhas was exalted by your worship.
You visited 3 branches of the dungeon, and saw 17 of its levels.

You collected 1656 gold pieces.
You spent 715 gold pieces at shops.

Inventory:

Hand Weapons
 a - a +3 executioner's axe of flaming (weapon)
 B - a +0 arbalest
 I - a +3 battleaxe
 S - a +0 broad axe
 V - a +0 war axe
Missiles
 k - 38 poisoned darts (quivered)
 w - 2 throwing nets
 Y - 4 curare-tipped darts
Armour
 m - the +3 scale mail of Cariurch (worn) {rF- rN+ Regen+}
   (You found it on level 11 of the Dungeon)

   It makes you vulnerable to fire.
   It protects you from negative energy.
   It increases your rate of health regeneration.
 x - a +0 helmet (worn)
 A - the +3 salamander hide armour {Flames rF++ rC--}
   (You found it on level 7 of the Dungeon)

   It surrounds you with a cloud of flames.
   It grants immunity to clouds of flame.
   It enhances your fire magic.
   It greatly protects you from fire.
   It makes you very vulnerable to cold.
 T - the +1 pair of gloves of Levity (worn) {Str+4}
   (You bought it in a shop on level 2 of the Orcish Mines)

   It affects your strength (+4).
Jewellery
 i - an amulet of faith (around neck)
 o - a ring of resist corrosion (left hand)
 u - a ring of positive energy (right hand)
 z - a ring of wizardry
 D - an amulet of magic regeneration
 H - a ring of flight
 X - a ring of magical power
 Z - an amulet of the acrobat
Wands
 n - a wand of mindburst (20)
 J - a wand of iceblast (13)
 M - a wand of charming (20)
 N - a wand of flame (34)
Scrolls
 b - a scroll of holy word {unknown}
 e - 4 scrolls of amnesia
 j - 3 scrolls of teleportation {unknown}
 l - 4 scrolls of fog
 q - a scroll of torment
 t - 3 scrolls of blinking
 v - a scroll of magic mapping
 y - a scroll of fear
 C - a scroll of enchant armour
 F - 2 scrolls of immolation
 L - 2 scrolls of brand weapon
 Q - a scroll of silence
 U - a scroll of vulnerability
Potions
 d - 4 potions of might
 f - 6 potions of curing
 g - a potion of ambrosia
 h - 3 potions of heal wounds
 p - 3 potions of experience {unknown}
 s - 3 potions of flight
 E - 3 potions of brilliance
 G - a potion of attraction
 K - 3 potions of lignification
 P - 2 potions of haste
 R - 2 potions of mutation
 W - a potion of cancellation


   Skills:
 - Level 10.0 Fighting
 + Level 20.1 Axes
 - Level 1.0 Throwing
 + Level 5.7 Armour
 - Level 5.0 Dodging
 - Level 3.2 Shields
 + Level 15.2 Invocations
 + Level 8.6 Evocations


You had 13 spell levels left.
You didn't know any spells.
Your spell library contained the following spells:

 Spells                   Type           Power      Damage    Failure   Level
 Animate Skeleton         Necr           0%         N/A       67%         1
 Apportation              Tloc           0%         N/A       67%         1
 Corona                   Hex            0%         N/A       67%         1
 Summon Small Mammal      Summ           0%         N/A       67%         1
 Static Discharge         Conj/Air       0%         N/A       80%         2
 Lightning Bolt           Conj/Air       0%         1d11      100%        5
 Ignition                 Fire           0%         3d3       100%        8
 Shatter                  Erth           0%         3d5*      100%        9
 Tornado                  Air            0%         N/A       100%        9


Dungeon Overview and Level Annotations

Branches:
Dungeon (14/15)            Temple (1/1) D:5            Lair (0/6) D:10
    Orc (2/2) D:11            Elf (0/3) Orc:2        Vaults (0/5) D:14

Altars:
Ashenzari
Cheibriados
Dithmenos
Elyvilon
Fedhas
Gozag
Hepliaklqana
Kikubaaqudgha
Makhleb
Nemelex Xobeh
Okawaru
Qazlal
Ru
Sif Muna
Trog
Uskayaw
Vehumet
Xom
Yredelemnul
Zin
The Shining One
Beogh

Shops:
D:13 =   Orc:1 !   Orc:2 *[:(


Innate Abilities, Weirdness & Mutations

You are frail. (-10% HP)


Message History

Unknown command.
Unknown command.
You slice the cyan ugly thing!! You burn the cyan ugly thing!
You kill the cyan ugly thing!
Fedhas appreciates your contribution to the ecosystem.
You catch the helpless white ugly thing completely off-guard!
You hit the white ugly thing. You burn the white ugly thing.
You barely miss the red ugly thing. You miss the tengu conjurer.
You barely miss the tengu warrior. The red ugly thing engulfs you!
You are engulfed in flames!!
The fire burns you terribly!
* * * LOW HITPOINT WARNING * * *
The tengu conjurer hits you but does no damage.
The tengu conjurer barely misses you. The tengu conjurer closely misses you.
The white ugly thing basks in the mutagenic energy from its kin and changes!
The tengu warrior hits you but does no damage.
The tengu warrior completely misses you.
The tengu warrior closely misses you.
A ballistomycete spore comes into view.
Unknown command.
The tengu conjurer hits you but does no damage.
The tengu conjurer pecks you but does no damage.
The tengu conjurer misses you.
The red ugly thing seems less confused.
The tengu conjurer hits you but does no damage.
The tengu conjurer barely misses you.
The tengu conjurer claws you but does no damage.
Your ballistomycete spore explodes!
The red ugly thing appears confused.
The explosion of spores engulfs the red ugly thing!!
The red ugly thing is heavily wounded.
A ballistomycete spore comes into view.
Unknown command.
The red ugly thing engulfs you.
* * * LOW HITPOINT WARNING * * *
You are engulfed in flames!!
The fire burns you terribly!
* * * LOW HITPOINT WARNING * * *
Unknown command.
The tengu warrior hits you with a +3 dire flail!
You die...
Fedhas appreciates your contribution to the ecosystem.

#########..#
...........#
.....P.....#
>..........#
......*....#
.........u.#
...........#
...$....Qu.#
.......@Q..#
.........*.#
#########..#
#..# #..#
#..# #..#
#..#


You could see 2 ugly things, a tengu warrior, a tengu conjurer, a battlesphere,
a friendly ballistomycete (summoned) and a friendly ballistomycete spore.

Vanquished Creatures
  Jorgrun (D:13)
  An orc warlord (Orc:2)
  Snorg (D:13)
  Erica (D:8)
  2 centaur warriors
  2 hydras
  A boulder beetle (D:11)
  2 dancing weapons (D:14)
  3 death yaks
  5 two-headed ogres
  A death knight (D:14)
  4 orc high priests (Orc:2)
  Pikel (D:4)
  3 orc knights
  4 ugly things
  3 manticores
  3 orc sorcerers (Orc:2)
  9 cyclopes
  2 gargoyles
  2 unseen horrors (D:12)
  3 yaktaurs (D:13)
  2 tengu conjurers (D:14)
  6 trolls
  A hornet (D:10)
  A blink frog (shapeshifter) (D:14)
  9 slime creatures
  Sigmund (D:2)
  A shadow (D:10)
  A wyvern (D:9)
  9 yaks
  Eustachio (D:5)
  A steam dragon (D:6)
  3 wargs
  Menkaure (D:5)
  3 water moccasins
  30 orc warriors
  A sky beast (D:7)
  2 black bears
  2 ice beasts
  5 centaurs
  2 ogres
  A phantom (D:5)
  A lemure (D:5)
  A kobold brigand (D:9)
  2 bullfrogs
  2 gnoll sergeants
  A scorpion (D:6)
  A howler monkey (D:13)
  3 bullfrog zombies
  4 centaur zombies
  2 hounds
  2 jellies
  20 orc priests
  4 centaur skeletons
  2 iguanas (D:5)
  28 orc wizards
  2 killer bee zombies
  3 hound skeletons
  2 howler monkey zombies
  11 gnolls
  11 adders
  A howler monkey skeleton (D:9)
  4 river rats (D:10)
  A shadow imp (D:8)
  2 white imps
  An ufetubus (D:3)
  An adder zombie (D:5)
  3 worms
  3 dart slugs
  73 orcs
  5 bats
  5 endoplasms
  A giant cockroach (D:3)
  9 goblins
  3 hobgoblins
  8 jackals
  A quokka (D:1)
  6 ball pythons
  3 frilled lizards (D:1)
  11 kobolds
  6 rats
386 creatures vanquished.

Vanquished Creatures (collateral kills)
  A centaur warrior (D:13)
  A deep elf pyromancer (D:13)
  An efreet (D:13)
  A howler monkey (D:13)
  22 ballistomycete spores
26 creatures vanquished.

Vanquished Creatures (others)
  A ballistomycete spore (D:14)
  2 fungi (D:11)
3 creatures vanquished.

Grand Total: 415 creatures vanquished

Notes
Turn   | Place    | Note
-------+----------+-------------------------------------------
     0 | D:1      | shoop the Hill Orc Fighter began the quest for the Orb.
     0 | D:1      | Reached XP level 1. HP: 19/19 MP: 1/1
    87 | D:1      | Reached skill level 3 in Axes
   246 | D:1      | Reached XP level 2. HP: 25/26 MP: 2/2
   325 | D:2      | Reached skill level 4 in Axes
   374 | D:2      | Reached skill level 5 in Axes
   374 | D:2      | Reached XP level 3. HP: 11/31 MP: 3/3
   639 | D:3      | Noticed a bullfrog
   643 | D:3      | Killed a bullfrog
   644 | D:3      | Reached skill level 6 in Axes
   644 | D:3      | Reached XP level 4. HP: 36/39 MP: 4/4
   644 | D:3      | Reached XP level 5. HP: 41/45 MP: 5/5
   887 | D:3      | Reached skill level 7 in Axes
  1243 | D:4      | Found a broken altar of Ashenzari.
  1314 | D:4      | Noticed a black bear
  1326 | D:4      | Killed a black bear
  1327 | D:4      | Reached skill level 8 in Axes
  1327 | D:4      | Reached XP level 6. HP: 37/51 MP: 6/6
  1536 | D:5      | Entered Level 5 of the Dungeon
  1552 | D:5      | Found a staircase to the Ecumenical Temple.
  1561 | Temple   | Entered the Ecumenical Temple
  1713 | Temple   | Became a worshipper of Fedhas Madash
  2922 | D:2      | Reached * piety under Fedhas
  3079 | D:2      | Noticed Sigmund
  3170 | D:3      | Reached skill level 9 in Axes
  3496 | D:3      | Reached skill level 1 in Evocations
  3778 | D:2      | Killed Sigmund
  3779 | D:2      | Reached skill level 1 in Dodging
  3779 | D:2      | Reached XP level 7. HP: 57/57 MP: 7/7
  3863 | D:3      | Found a faded altar of an unknown god.
  4237 | D:4      | Reached ** piety under Fedhas
  4978 | D:5      | Reached skill level 10 in Axes
  5130 | D:5      | Noticed Menkaure
  5161 | D:5      | Killed Menkaure
  5162 | D:5      | Reached skill level 1 in Throwing
  5162 | D:5      | Reached XP level 8. HP: 55/66 MP: 8/8
  5316 | D:5      | Noticed Pikel
  5332 | D:4      | Killed Pikel
  5333 | D:4      | Reached skill level 5 in Fighting
  5333 | D:4      | Reached skill level 11 in Axes
  5673 | D:5      | Noticed Eustachio
  5687 | D:5      | Killed Eustachio
  5688 | D:5      | Reached skill level 1 in Invocations
  5831 | D:5      | Reached skill level 12 in Axes
  6214 | D:6      | Reached XP level 9. HP: 73/74 MP: 10/10
  7076 | D:5      | Reached *** piety under Fedhas
  7437 | D:6      | Reached skill level 13 in Axes
  7722 | D:7      | Found the +3 salamander hide armour {Flames rF++ rC--}
  7813 | D:7      | Reached skill level 5 in Invocations
  8029 | D:7      | Found a hide-covered altar of Uskayaw.
  8032 | D:7      | Found an iron altar of Okawaru.
  8035 | D:7      | Found a radiant altar of Vehumet.
  8150 | D:8      | Noticed Erica
  8157 | D:8      | Killed Erica
  8158 | D:8      | Reached skill level 14 in Axes
  8158 | D:8      | Reached XP level 10. HP: 72/86 MP: 12/14
  8336 | D:8      | Reached **** piety under Fedhas
  8616 | D:8      | Found a sparkling altar of Nemelex Xobeh.
  8616 | D:8      | Found a burning altar of Makhleb.
  8616 | D:8      | Found a stormy altar of Qazlal.
  8616 | D:8      | Found a shadowy altar of Dithmenos.
  8617 | D:8      | Found a snail-covered altar of Cheibriados.
  8617 | D:8      | Found a sacrificial altar of Ru.
  8617 | D:8      | Found a shimmering blue altar of Sif Muna.
  9058 | D:9      | Reached skill level 15 in Axes
  9167 | D:9      | Noticed a two-headed ogre
  9188 | D:9      | Killed a two-headed ogre
  9293 | D:9      | Noticed a gargoyle
  9300 | D:9      | Killed a gargoyle
  9478 | D:9      | Reached skill level 16 in Axes
  9774 | D:10     | Entered Level 10 of the Dungeon
  9774 | D:10     | Noticed a two-headed ogre
  9781 | D:10     | Killed a two-headed ogre
  9782 | D:10     | Reached skill level 10 in Invocations
  9782 | D:10     | Reached XP level 11. HP: 59/92 MP: 16/18
  9962 | D:10     | Noticed a death yak
  9963 | D:10     | Noticed a death yak
  9966 | D:10     | Found a staircase to the Lair.
  9967 | D:10     | Noticed a death yak
  9975 | D:10     | Reached ***** piety under Fedhas
  9978 | D:10     | Killed a death yak
  9982 | D:9      | Killed a death yak
 10524 | D:10     | Killed a death yak
 11185 | D:11     | Noticed a two-headed ogre
 11197 | D:11     | Killed a two-headed ogre
 11480 | D:11     | Noticed a cyclops
 11529 | D:11     | Killed a cyclops
 11737 | D:11     | Noticed a boulder beetle
 11759 | D:11     | Killed a boulder beetle
 12110 | D:11     | Found a roughly hewn altar of Beogh.
 12110 | D:11     | Found a staircase to the Orcish Mines.
 12470 | D:11     | Identified the +3 scale mail of Cariurch {rF- rN+ Regen+}
 12606 | Orc:1    | Entered Level 1 of the Orcish Mines
 12619 | D:11     | Reached skill level 10 in Fighting
 12893 | Orc:1    | Noticed a cyclops
 12905 | Orc:1    | Killed a cyclops
 12906 | Orc:1    | Reached XP level 12. HP: 69/106 MP: 21/21
 13558 | Orc:1    | Found Puapu's Distillery.
 13562 | Orc:1    | Bought a potion of curing for 45 gold pieces
 13562 | Orc:1    | Bought a potion of brilliance for 60 gold pieces
 13562 | Orc:1    | Bought a potion of degeneration for 15 gold pieces
 13677 | Orc:2    | Entered Level 2 of the Orcish Mines
 14038 | Orc:2    | Found a staircase to the Elven Halls.
 14424 | Orc:2    | Reached ****** piety under Fedhas
 14448 | Orc:2    | Noticed an orc high priest
 14448 | Orc:2    | Noticed an orc high priest
 14571 | Orc:2    | Reached skill level 17 in Axes
 14609 | Orc:2    | Killed an orc high priest
 14882 | Orc:2    | Noticed an orc warlord
 14890 | Orc:2    | Killed an orc warlord
 15610 | Orc:2    | Reached skill level 18 in Axes
 15612 | Orc:2    | Noticed an orc high priest
 15615 | Orc:2    | Noticed an orc high priest
 15618 | Orc:2    | Noticed a sun demon
 15623 | Orc:2    | Gained mutation: You are frail. (-10% HP) [a neqoxec]
 15625 | Orc:2    | Killed an orc high priest
 15625 | Orc:2    | Killed an orc high priest
 15855 | Orc:2    | Killed an orc high priest
 15856 | Orc:2    | Reached XP level 13. HP: 50/101 MP: 23/23
 16164 | Orc:2    | Found Neus's Antique Armour Shop.
 16165 | Orc:2    | Found Azevakh's Antique Weapon Boutique.
 16167 | Orc:2    | Found Vasuur's General Store.
 16167 | Orc:2    | Found Fytopp's Book Shop.
 16183 | Orc:2    | Bought a pair of faintly humming gloves for 266 gold pieces
 16183 | Orc:2    | Identified the +1 pair of gloves of Levity {Str+4} (You
                  | bought it in a shop on level 2 of the Orcish Mines)
 16321 | Orc:2    | Bought a scroll of vulnerability for 112 gold pieces
 16321 | Orc:2    | Bought a scroll of blinking for 112 gold pieces
 16321 | Orc:2    | Bought a scroll of identify for 30 gold pieces
 16321 | Orc:2    | Identified 2 scrolls of acquirement
 16385 | Orc:1    | Bought a potion of heal wounds for 75 gold pieces
 16385 | Orc:1    | Acquired a +3 executioner's axe of flaming
 16387 | Orc:1    | Acquired a manual of Evocations
 16942 | D:12     | Found a broken altar of Ashenzari.
 17039 | D:12     | Reached skill level 5 in Dodging
 17399 | D:12     | Reached skill level 5 in Evocations
 17411 | D:12     | Reached skill level 19 in Axes
 17951 | D:13     | Noticed Snorg
 17969 | D:13     | Killed Snorg
 18247 | D:13     | Noticed Jorgrun
 18261 | D:13     | Killed Jorgrun
 18873 | D:13     | Found Vemexto's Jewellery Shop.
 19117 | D:14     | Reached XP level 14. HP: 59/108 MP: 25/25
 19221 | D:14     | Reached skill level 5 in Armour
 19224 | D:14     | Reached skill level 15 in Invocations
 19244 | D:14     | Found a gate to the Vaults.
 19257 | D:14     | Reached skill level 20 in Axes
 19420 | D:14     | HP: 4/108 [red ugly thing (24)]
 19421 | D:14     | Mangled by a tengu warrior

Illustrated notes

Levels and vault maps discovered:
D:1:      nzn_arrival_settlement, layout_loops_cross, kennysheep_nondescript
D:2:      layout_basic, uniq_sigmund
D:3:      minmay_razor_zed, layout_loops_ring, ebering_ecumenical_altar_box
D:4:      layout_loops_ring, kennysheep_little_box, minmay_close_crescents
D:5:      layout_loops_ring, lemuel_temple_firewalk_b, uniq_menkaure,
          uniq_pikel, uniq_eustachio
D:6:      layout_rooms, minivault_23
D:7:      layout_rooms, grunt_temple_overflow_diamond
D:8:      layout_basic, grunt_temple_overflow_open, uniq_erica
D:9:      layout_irregular_city
D:10:     layout_gridville, dpeg_lair_monsters, abandoned_shop, minivault_10,
          minmay_variable_closet
D:11:     layout_basic, david_orc_5, fungi_pond_lemuel
D:12:     layout_basic, chequers_serial_rivers_small_a, ashenzari_altar_1
D:13:     layout_basic, serial_shops, shop, uniq_jorgrun, uniq_snorg
D:14:     layout_long_grid, erik_vaults_1, kennysheep_big_empty_room
Temple:   minmay_temple_curvy_loop
Orc:1:    layout_caves, serial_shops, nicolae_shop_stone
Orc:2:    st_orc_congregation, layout_caves, nicolae_orc_lava_tube

Skill      XL: |  1  2  3  4  5  6  7  8  9 10 11 12 13 14 |
---------------+-------------------------------------------+-----
Axes           | 3 5 6 8 9 10 12 14 16 18 19 20 | 20.1
Evocations     | 1 2 3 7 8 |  8.6
Dodging        | 1 2 4 5 |  5.0
Fighting       | 4 5 7 10 | 10.0
Throwing       | 1 |  1.0
Invocations    | 2 6 10 12 13 14 15 | 15.2
Armour         | 4 5 |  5.7
Shields        | |  3.2

Action                   |  1- 3 |  4- 6 |  7- 9 | 10-12 | 13-15 || total
-------------------------+-------+-------+-------+-------+-------++-------
Melee: War axe           |    50 |   207 |   254 |    74 |       ||   585
       Broad axe         |       |       |       |   113 |       ||   113
       Battleaxe         |       |       |       |     7 |       ||     7
       Executioner's axe |       |       |       |       |   204 ||   204
Throw: Dart              |       |       |     2 |     5 |       ||     7
Invok: Grow Ballistomyce |       |       |       |     3 |     2 ||     5
       Overgrow          |       |       |       |       |     1 ||     1
Evoke: Wand              |       |     5 |     3 |     1 |       ||     9
  Use: Scroll            |       |       |     7 |     8 |     5 ||    20
       Potion            |       |       |     1 |       |     2 ||     3
 Stab: Confused          |       |       |       |     2 |     3 ||     5
Armor: Scale mail        |    29 |    87 |    81 |       |   129 ||   326
       Leather armour    |       |       |     2 |    40 |       ||    42
Dodge: Dodged            |    18 |    72 |    78 |    56 |   116 ||   340
Block: Kite shield       |    26 |   119 |   131 |    76 |       ||   352

Table legend: (Time is in decaauts)
 A = Elapsed time spent in this place.
 B = Non-inter-level travel time spent in this place.
 C = Inter-level travel time spent in this place.
 D = Time resting spent in this place.
 E = Time spent auto-exploring this place.
 F = Levels seen in this place.
 G = Mean time per level.
                   A        B        C        D        E       F      G
               +--------+--------+--------+--------+--------+-----+--------+
         Total |  19591 |  18345 |   1246 |   3476 |  11825 |  17 | 1152.4 |
       Dungeon |  15859 |  14880 |    979 |   3033 |   9480 |  14 | 1132.8 |
        Temple |    169 |    152 |     17 |      0 |    147 |   1 |  169.0 |
  Orcish Mines |   3561 |   3311 |    250 |    443 |   2198 |   2 | 1780.5 |
               +--------+--------+--------+--------+--------+-----+--------+

Top non-repeatable levels by time:
   Orc:2: 2252 daAuts
    D:11: 2126 daAuts
     D:5: 2046 daAuts
     D:3: 1499 daAuts
     D:9: 1334 daAuts
   Orc:1: 1308 daAuts
     D:4: 1292 daAuts
     D:2: 1156 daAuts
    D:13: 1134 daAuts
    D:12: 1104 daAuts
     D:1: 952 daAuts
    D:10: 880 daAuts
     D:8: 785 daAuts
     D:6: 706 daAuts
     D:7: 461 daAuts
